 Dungeon Crawl Stone Soup version 0.31-a0-267-g3fc6992b3b (webtiles) character file.

Game seed: 3845544950294458063

81326 Majang the Marksspriggan (level 15, -5/72 HPs)
             Began as a Spriggan Hunter on July 4, 2023.
             Was a High Priest of Hepliaklqana.
             Killed from afar by Aizul (30 damage)
             ... with a bolt of poison
             ... on level 1 of the Shoals on July 14, 2023.
             The game lasted 02:32:21 (21695 turns).

Majang the Marksspriggan (Spriggan Hunter)         Turns: 21695, Time: 02:32:22

Health: -5/72      AC:  7    Str:  7    XL:     15   Next: 26%
Magic:  0/32       EV: 34    Int: 11    God:    Hepliaklqana [*****.]
Gold:   347        SH:  0    Dex: 26    Spells: 14/14 levels left

rFire   . . .        a - +3 orcbow (flame)
rCold   . . .        (shield currently unavailable)
rNeg    + . .        B - +0 toga "Victory" {*Victory Clar}
rPois   .            G - +2 hat of the Bear Spirit {Spirit, Bear, *Rage Will++}
rElec   .            H - +2 cloak {rCorr}
rCorr   +            (gloves unavailable)
SInv    +            (boots unavailable)
Will    ++++.        (no amulet)
Stlth   ++++++       C - ring of positive energy
HPRegen 0.32/turn    q - ring of magical power
MPRegen 0.23/turn

%: clarity, guardian spirit
@: lethally poisoned (-5 -> -26), studying Fighting, very quick
A: reduced essence, very small, no large weapons, unfitting armour, see
invisible, speed 3
a: Renounce Religion, Recall Ancestor, Ancestor Identity, Transference, Idealise


You were on level 1 of the Shoals.
You worshipped Hepliaklqana.
Hepliaklqana was extremely pleased with you.
You visited 5 branches of the dungeon, and saw 21 of its levels.
You also visited: Ossuary and Bailey.

You collected 2385 gold pieces.
You spent 2038 gold pieces at shops.

Inventory:

Hand Weapons
 a - a +3 orcbow of flaming (weapon)
 b - a +0 short sword
 l - a +0 scimitar of flaming
Missiles
 o - 4 throwing nets
Armour
 B - the +0 toga "Victory" (worn) {*Victory Clar}
   (You found it on level 7 of the Dungeon)

   *Victory:  When the wearer kills a threatening monster, it has a chance to
   gain +1 AC, +1 Slay, and +1 Int, capping at +7.
   When the wearer uses a scroll or a potion with a hostile monster in sight,
   its bonuses reset to +0.
   Unequipping it also resets its bonuses to +0.
   Clar:      It protects you from confusion, rage, mesmerisation and fear.
 E - the +1 robe of Vines {NoPotionHeal Regen++++}
   (You found it on level 9 of the Dungeon)

   NoPotionHeal: Its wearer cannot be healed by potions.
   Regen:     It increases your rate of health regeneration.
 G - the +2 hat of the Bear Spirit (worn) {Spirit, Bear, *Rage Will++}
   (You bought it in a shop on level 9 of the Dungeon)

   Bear:      Going berserk makes the wearer exceptionally tough, and they are
   slowed for a shorter time afterward.
   *Rage:     It berserks you when you make melee attacks (+20% chance).
   Will:      It greatly increases your willpower.
 H - a +2 cloak of preservation (worn)
Jewellery
 q - a ring of magical power (right hand)
 C - a ring of positive energy (left hand)
Wands
 c - a wand of acid (11)
 g - a wand of digging (5)
 A - a wand of flame (14)
 F - a wand of roots (9)
Scrolls
 d - 3 scrolls of identify
 e - 3 scrolls of immolation
 i - a scroll of butterflies
 j - 10 scrolls of teleportation
 r - 2 scrolls of silence
 s - a scroll of fear
 u - a scroll of enchant armour
 w - 5 scrolls of blinking
 y - 2 scrolls of fog
 D - 2 scrolls of revelation
 I - 3 scrolls of brand weapon
Potions
 f - 2 potions of resistance
 h - 3 potions of mutation
 k - 10 potions of curing
 m - 3 potions of ambrosia
 n - a potion of lignification
 p - 8 potions of enlightenment
 t - 2 potions of haste
 v - 2 potions of heal wounds
 x - a potion of might
 z - 4 potions of cancellation
 J - a potion of invisibility


   Skills:
 + Level 10.4 Fighting
 + Level 12.1 Short Blades
 * Level 16.3 Ranged Weapons
 + Level 14.3 Dodging
 - Level 11.7 Stealth
 + Level 10.0 Invocations


You had 14 spell levels left.
You didn't know any spells.
Your spell library contained the following spells:

 Spells                   Type           Power      Damage    Failure   Level
 Freeze                   Ice            0%         1d3       34%         1
 Necrotise                Necr           0%         1d4       34%         1
 Ensorcelled Hibernation  Hex/Ice        0%         N/A       47%         2
 Passwall                 Tmut/Erth      0%         N/A       47%         2
 Wereblood                Tmut           0%         N/A       47%         2
 Call Canine Familiar     Summ           0%         N/A       71%         3
 Frozen Ramparts          Ice            0%         1d1       71%         3
 Hailstorm                Conj/Ice       0%         3d3       71%         3
 Ozocubu's Armour         Ice            0%         N/A       71%         3
 Portal Projectile        Hex/Tloc       0%         N/A       71%         3
 Swiftness                Air            0%         N/A       71%         3
 Vampiric Draining        Necr           0%         2d6       71%         3
 Vhi's Electric Charge    Tloc/Air       0%         N/A       71%         3
 Leda's Liquefaction      Hex/Erth       0%         N/A       98%         4
 Agony                    Necr           0%         N/A       100%        5
 Arcjolt                  Conj/Air       0%         1d10      100%        5
 Metabolic Englaciation   Hex/Ice        0%         N/A       100%        5
 Plasma Beam              Fire/Air       0%         2x1d10    100%        6
 Simulacrum               Ice/Necr       0%         N/A       100%        6
 Ozocubu's Refrigeration  Ice            0%         4d7       100%        7
 Polar Vortex             Ice            0%         N/A       100%        9


Dungeon Overview and Level Annotations

Branches:
Dungeon (12/15)            Temple (1/1) D:6            Lair (5/5) D:10
 Shoals (1/4) Lair:3       Spider (0/4) Lair:2        Slime (0/5) Lair:5
    Orc (2/2) D:9             Elf (0/3) Orc:2       Ossuary (visited)
 Bailey (visited)

Altars:
Ashenzari
Cheibriados
Dithmenos
Elyvilon
Fedhas
Gozag
Hepliaklqana
Kikubaaqudgha
Makhleb
Nemelex Xobeh
Okawaru
Qazlal
Ru
Sif Muna
Trog
Uskayaw
Vehumet
Wu Jian
Xom
Yredelemnul
Zin
The Shining One
Lugonu

Shops:
D:2 *   D:6 :!:?   D:9 *   D:11 :   Orc:1 :

Portals:
Abyss: Lair:5

Annotations:
D:5 2 runed translucent doors, Sar's ghost, amateur NaCA
D:8 1 runed translucent door, flt's ghost, novice DgTm
D:9 3 runed translucent doors, Aspara's ghost, journeyman FoEE
Shoals:1 3 runed translucent doors, Aizul; Detic's ghost, adept DrCK
Orc:2 Saint Roka


Innate Abilities, Weirdness & Mutations

Your life essence is reduced to manifest your ancestor. (-10% HP)
You are very small and have problems with some larger weapons.
You are too small for most types of armour.
You have supernaturally acute eyesight. (SInv)
You cover ground extremely quickly. (Speed+++)


Message History

Moving in this stuff is going to be slow.
j - 10 scrolls of teleportation (gained 1) Aizul casts a spell at you.
The bolt of poison misses you.
You shoot an arrow. The arrow hits Aizul!!
The arrow burns Aizul.
Aizul is lightly wounded.
You shoot an arrow.
The arrow hits Aizul but does no damage.
Aizul is lightly wounded.
Aizul coils herself and waves her upper body at you.
The poison arrow hits you!!
You are poisoned.
You shoot an arrow. The arrow hits Aizul.
The arrow burns Aizul.
Aizul is moderately wounded.
You feel very sick.
Aizul coils herself and waves her upper body at you.
The bolt of poison misses you.
You shoot an arrow. Awngi avoids your attack.
The arrow misses Aizul.
You feel very sick.
Awngi misses Aizul.
You feel sick.
You feel very sick.
You feel sick. Aizul casts a spell at you. The bolt of poison hits you!!!
You are more poisoned.
* * * LOW HITPOINT WARNING * * *
Really quaff with monsters nearby while wearing the +3 toga "Victory"?
You feel better.
The +0 toga "Victory" stops glowing.
You feel much better.
Aizul coils herself and waves her upper body at you.
The poison arrow hits you!!
You are poisoned.
* * * LOW HITPOINT WARNING * * *
You feel better.
Aizul coils herself and waves her upper body at you.
The bolt of poison hits you!!
You are poisoned.
You die...

~~~≈≈≈≈≈≈~~.~.###:...+.........~.
.~~≈≈≈≈≈≈≈~~..##$/..Z#.........~~
..~≈≈≈≈≈≈≈≈~..##Z#.#.#.........~~
..≈≈≈≈≈≈≈≈≈~~.########.R......~~~
.~≈≈≈≈≈≈≈≈≈≈~..###........~~~~~≈~
.≈≈≈≈≈≈≈≈≈≈≈~~..##........~~~~~≈~
~≈≈≈≈≈≈≈≈≈≈≈~~~..#.S......~~~~~~.
~≈≈≈≈≈≈≈≈≈≈~~~~...#####....~~~≈~~
≈≈≈≈≈≈≈≈≈~~..(..@..# #.....~~~P~
)~~~~~≈≈~~.###.....# #....>.....
......~~~..###.....# ##.....###.
..##...~..........#######....##.~
.###.....###.........##.###|...PP
..##....## #............##....P.~
.)).....####.......~~....R...P~~~
#.........##..~....~~~~~~^~....~P
.............~~~..~~~~~~~~P~.P...


You could see the friendly Awngi the knight and Aizul (ally target).

Vanquished Creatures
  Gastronok (D:11)
  A merfolk impaler (Shoals:1)
  5 hydras
  A catoblepas (Lair:2)
  2 boulder beetles
  Erica (Lair:2)
  A centaur warrior (Shoals:1)
  2 death yaks (Lair:1)
  2 two-headed ogres
  An orc high priest (Orc:1)
  3 thrashing horrors (Lair:5)
  A skyshark (Lair:4)
  10 skeletal warriors
  Pikel (D:8)
  2 harpies (Shoals:1)
  3 orc knights (Orc:2)
  A deep elf pyromancer (D:12)
  3 manticores (Shoals:1)
  2 orc sorcerers
  2 ugly things
  A cyclops (Shoals:1)
  2 oklob plants (D:10)
  2 elephants (Lair:5)
  A merfolk siren (Shoals:1)
  2 smoke demons (Lair:5)
  5 black mambas
  7 cane toads
  A torpor snail (Lair:1)
  2 gargoyles (D:12)
  A kobold demonologist (D:11)
  An unseen horror (D:12)
  A yaktaur (shapeshifter) (Lair:5)
  8 komodo dragons
  7 trolls
  6 merfolk (Shoals:1)
  2 polar bears (Lair:3)
  A wind drake (Shoals:1)
  Prince Ribbit (Lair:3)
  6 dream sheep
  38 blink frogs
  8 small abominations (Lair:5)
  2 culicivoras (Lair:2)
  A slime creature (Lair:5)
  A jumping spider (Lair:2)
  A wyvern (D:11)
  37 yaks
  A ynoxinul (Lair:5)
  3 wraiths
  A vampire (D:10)
  A water elemental (D:11)
  A redback (Lair:2)
  5 vampire mosquitoes
  5 steam dragons
  6 basilisks
  A chaos spawn (Lair:5)
  3 wargs
  13 water moccasins
  2 acid dragons (D:12)
  An acid dragon (shapeshifter) (Lair:5)
  3 large abominations (Lair:5)
  2 ice beasts
  25 orc warriors
  A sky beast (D:7)
  10 ogres
  A black bear (Lair:1)
  13 wolves
  2 phantoms
  4 centaurs
  2 kobold brigands
  12 bullfrogs
  Blork the orc (D:5)
  2 scorpions
  7 water moccasin zombies (Ossuary)
  16 wights
  8 killer bees
  3 electric eels (D:11)
  A howler monkey (D:12)
  3 jellies
  9 orc priests
  4 hounds
  2 gnoll boudas
  Jessica (D:3)
  11 iguanas
  2 hell rats (Lair:4)
  2 sleepcaps (D:6)
  9 orc wizards
  3 mummies
  6 adders
  7 river rats (Lair:4)
  20 gnolls
  An ufetubus (D:6)
  2 adder zombies (Ossuary)
  3 worms
  3 dart slugs
  40 orcs
  4 ball pythons
  19 bats
  8 endoplasms
  A giant cockroach (D:3)
  A gnoll zombie (Ossuary)
  7 goblins
  9 hobgoblins
  13 jackals
  3 quokkas
  A frilled lizard (shapeshifter) (Lair:5)
  4 frilled lizards
  4 hobgoblin zombies (Ossuary)
  28 kobolds
  7 kobold zombies (Ossuary)
  6 orc zombies (Ossuary)
  8 rats
597 creatures vanquished.

Vanquished Creatures (collateral kills)
  An orc warlord (Orc:1)
  Erolcha (D:11)
  A boulder beetle (Lair:5)
  A centaur warrior (Shoals:1)
  A thrashing horror (Lair:5)
  A skyshark (Lair:5)
  2 harpies (Shoals:1)
  A wolf spider (Lair:2)
  A manticore (Shoals:1)
  Maurice (Orc:1)
  A black mamba (Lair:2)
  4 elephants (Lair:5)
  2 cane toads
  A komodo dragon (Lair:4)
  An ancient zyme (Lair:5)
  A troll (D:9)
  A merfolk (Shoals:1)
  5 blink frogs
  2 dream sheep (Lair:5)
  A slime creature (Lair:5)
  5 yaks
  3 basilisks (Lair:5)
  3 vampire mosquitoes (D:12)
  2 wargs
  An acid dragon (D:12)
  A water moccasin (Lair:4)
  4 orc warriors
  5 small abominations (Lair:5)
  A wolf (Lair:3)
  A kobold brigand (D:8)
  A wight (D:9)
  2 killer bees (D:8)
  A jelly (Lair:5)
  An orc priest (Orc:1)
  2 iguanas (D:8)
  3 orc wizards (Orc:2)
  2 river rats (Lair:4)
  10 orcs
  A bat (Lair:1)
  A kobold (Bailey)
80 creatures vanquished.

Vanquished Creatures (others)
  12 knights
  2 ancestors
14 creatures vanquished.

Grand Total: 691 creatures vanquished

Notes
Turn   | Place    | Note
-------+----------+-------------------------------------------
     0 | D:1      | Majang the Spriggan Hunter began the quest for the Orb.
     0 | D:1      | Reached XP level 1. HP: 10/10 MP: 2/2
   202 | D:1      | Reached XP level 2. HP: 10/15 MP: 3/3
   652 | D:2      | Reached XP level 3. HP: 18/18 MP: 4/4
   840 | D:2      | Found a faded altar of an unknown god.
  1102 | D:2      | Found Morgh's General Store.
  1116 | D:2      | Bought a scroll of identify for 20 gold pieces
  1116 | D:2      | Bought a scroll of identify for 20 gold pieces
  1246 | D:2      | Found an iron altar of Okawaru.
  1525 | D:3      | Reached skill level 5 in Ranged Weapons
  1537 | D:3      | Reached XP level 4. HP: 4/23 MP: 5/5
  1800 | D:3      | Found an ancient bone altar of Kikubaaqudgha.
  1953 | D:3      | Noticed Jessica
  1997 | D:3      | Killed Jessica
  2171 | D:3      | Reached XP level 5. HP: 27/27 MP: 6/6
  2990 | D:3      | Reached skill level 6 in Ranged Weapons
  2990 | D:3      | Reached XP level 6. HP: 32/32 MP: 7/7
  3192 | D:4      | Reached skill level 1 in Short Blades
  3645 | D:5      | Entered Level 5 of the Dungeon
  3718 | D:5      | Reached XP level 7. HP: 36/36 MP: 8/8
  4324 | D:5      | Reached skill level 7 in Ranged Weapons
  4339 | D:5      | Reached skill level 5 in Dodging
  4411 | D:5      | Noticed Blork the orc
  4426 | D:5      | Killed Blork the orc
  4480 | D:5      | Reached skill level 5 in Stealth
  4527 | D:5      | Reached XP level 8. HP: 29/42 MP: 9/9
  4638 | D:5      | Found a glowing silver altar of Zin.
  4792 | D:5      | Found a large runed translucent door.
  4793 | D:5      | Found a large runed translucent door.
  4796 | D:5      | Noticed Sar's ghost (amateur NaCA)
  5447 | D:6      | Found a sand-covered staircase.
  5460 | D:6      | Reached skill level 8 in Ranged Weapons
  5470 | Ossuary  | Entered an ossuary
  5845 | Ossuary  | Reached XP level 9. HP: 46/46 MP: 10/10
  6208 | D:6      | Found Yhassydo's Magic Scroll Emporium.
  6210 | D:6      | Found Pergh's Book Shop.
  6216 | D:6      | Bought a scroll of enchant weapon for 82 gold pieces
  6216 | D:6      | Bought a scroll of enchant armour for 82 gold pieces
  6233 | D:6      | Found a staircase to the Ecumenical Temple.
  6237 | D:6      | Found Zoocaav's Book Shop.
  6248 | Temple   | Entered the Ecumenical Temple
  6363 | Temple   | Became a worshipper of Hepliaklqana the Forgotten
  6384 | D:6      | Found Lomyir's Distillery.
  6390 | D:6      | Bought a potion of curing for 39 gold pieces
  6390 | D:6      | Bought a potion of curing for 39 gold pieces
  6390 | D:6      | Bought a potion of curing for 39 gold pieces
  6390 | D:6      | Bought a potion of curing for 39 gold pieces
  6709 | D:7      | Found the +0 toga "Victory" {*Victory Clar}
  7011 | D:7      | Reached skill level 1 in Invocations
  7153 | D:7      | Reached skill level 5 in Short Blades
  7279 | D:7      | Reached skill level 9 in Ranged Weapons
  7334 | D:7      | Reached skill level 5 in Fighting
  7556 | D:7      | Reached * piety under Hepliaklqana
  7739 | D:7      | Noticed a two-headed ogre
  7756 | D:7      | Killed a two-headed ogre
  7798 | D:8      | Reached XP level 10. HP: 45/45 MP: 13/13
  7949 | D:8      | Found a broken altar of Ashenzari.
  8036 | D:8      | Noticed Pikel
  8042 | D:8      | Killed Pikel
  8267 | D:8      | Found an ornate altar of the Wu Jian Council.
  8316 | D:8      | Found a runed translucent door.
  8316 | D:8      | Noticed flt's ghost (novice DgTm)
  8370 | D:8      | Reached skill level 10 in Ranged Weapons
  8999 | D:9      | Found a runed translucent gate.
  8999 | D:9      | Found a runed translucent gate.
  9000 | D:9      | Found a runed translucent gate.
  9034 | D:9      | Noticed Aspara's ghost (journeyman FoEE)
  9161 | D:9      | Found a staircase to the Orcish Mines.
  9201 | D:9      | Found a flagged portal.
  9215 | Bailey   | Entered a bailey
  9300 | Bailey   | Identified the +2 leather armour of the World {-Tele rElec
                  | MP+9}
  9403 | Bailey   | Reached XP level 11. HP: 38/50 MP: 15/15
  9595 | D:9      | Reached ** piety under Hepliaklqana
  9596 | D:9      | Remembered your ancestor Awngi as a knight
  9599 | D:9      | Found the +1 robe of Vines {NoPotionHeal Regen++++}
  9611 | D:9      | Reached skill level 10 in Stealth
  9618 | D:9      | Noticed a six-headed hydra
  9644 | D:9      | Killed a six-headed hydra
  9783 | D:9      | Found Qymiv's General Store.
  9793 | D:9      | Bought the +2 hat of the Bear Spirit {Spirit, Bear, *Rage
                  | Will++} for 558 gold pieces
  9793 | D:9      | Found the +2 hat of the Bear Spirit {Spirit, Bear, *Rage
                  | Will++}
 10070 | Orc:1    | Entered Level 1 of the Orcish Mines
 10070 | Orc:1    | Found a radiant altar of Vehumet.
 10083 | Orc:1    | Noticed an orc sorcerer
 10089 | Orc:1    | Killed an orc sorcerer
 10090 | Orc:1    | Reached skill level 11 in Ranged Weapons
 10320 | Orc:2    | Entered Level 2 of the Orcish Mines
 10322 | Orc:2    | Noticed an orc knight
 10322 | Orc:2    | Noticed an orc knight
 10327 | Orc:2    | Noticed an orc knight
 10424 | Orc:2    | Noticed Maurice
 10572 | Orc:1    | Reached skill level 5 in Invocations
 10620 | Orc:1    | Killed Maurice
 10897 | Orc:2    | Noticed an orc high priest
 10906 | Orc:2    | Noticed a soul eater
 10965 | Orc:1    | Killed an orc high priest
 11011 | Orc:1    | Upgraded the game from 0.31-a0-221-gbddc013574 to
                  | 0.31-a0-222-gefeffbb62a
 11072 | Orc:2    | Found a staircase to the Elven Halls.
 11082 | Orc:2    | Killed an orc knight
 11095 | Orc:2    | Killed an orc knight
 11099 | Orc:2    | Reached skill level 10 in Dodging
 11262 | Orc:1    | Noticed an orc warlord
 11304 | Orc:1    | Killed an orc warlord
 11305 | Orc:1    | Reached XP level 12. HP: 14/55 MP: 2/17
 11502 | Orc:1    | Found Xaxyruc's Book Shoppe.
 11694 | Orc:2    | Reached skill level 12 in Ranged Weapons
 11694 | Orc:2    | Noticed Saint Roka
 11887 | D:10     | Entered Level 10 of the Dungeon
 12211 | D:10     | Found a staircase to the Lair.
 12229 | D:10     | Reached *** piety under Hepliaklqana
 12593 | Lair:1   | Entered Level 1 of the Lair of Beasts
 12616 | Lair:1   | Identified the +0 ring mail "Gobov" {rElec rF+ Int+3
                  | Stlth+}
 12915 | Lair:1   | Noticed a death yak
 12919 | Lair:1   | Noticed a death yak
 13032 | Lair:1   | Killed a death yak
 13043 | Lair:1   | Killed a death yak
 13178 | Lair:1   | Reached skill level 13 in Ranged Weapons
 13669 | Lair:1   | Upgraded the game from 0.31-a0-222-gefeffbb62a to
                  | 0.31-a0-227-ga22c3bf811
 13852 | Lair:2   | Reached **** piety under Hepliaklqana
 13908 | Lair:2   | Noticed Erica
 13913 | Lair:2   | Reached XP level 13. HP: 56/61 MP: 16/19
 13917 | Lair:2   | Killed Erica
 14206 | Lair:2   | Found a hole to the Spider Nest.
 14857 | Lair:3   | Found a staircase to the Shoals.
 15288 | Lair:3   | Reached ***** piety under Hepliaklqana
 15326 | Lair:3   | Noticed Prince Ribbit
 15331 | Lair:3   | Killed Prince Ribbit
 15348 | Lair:3   | Reached skill level 10 in Short Blades
 15714 | Lair:4   | Reached skill level 14 in Ranged Weapons
 16275 | Lair:4   | Upgraded the game from 0.31-a0-227-ga22c3bf811 to
                  | 0.31-a0-232-gb1c03b2570
 16287 | Lair:5   | Entered Level 5 of the Lair of Beasts
 16654 | Lair:5   | Found a staircase to the Slime Pits.
 16755 | Lair:5   | Reached XP level 14. HP: 66/66 MP: 21/21
 17397 | Lair:5   | Reached skill level 15 in Ranged Weapons
 18022 | Lair:5   | Found a corrupted altar of Lugonu.
 18022 | Lair:5   | Found a one-way gate to the infinite horrors of the Abyss.
 18091 | Lair:5   | Identified the +3 shortbow of Tulaat {heavy, Str+5 Dex-4}
 18258 | D:11     | Noticed Gastronok
 18280 | D:11     | Killed Gastronok
 18360 | D:11     | Upgraded the game from 0.31-a0-232-gb1c03b2570 to
                  | 0.31-a0-267-g3fc6992b3b
 18430 | D:11     | Found Sasoiwni's Book Boutique.
 18439 | D:11     | Bought a manual of Fighting for 1120 gold pieces
 18467 | D:11     | Noticed Erolcha
 18475 | D:11     | Killed Erolcha
 19857 | D:12     | Reached skill level 16 in Ranged Weapons
 19863 | D:12     | Reached XP level 15. HP: 72/72 MP: 23/23
 19866 | D:12     | Reached skill level 10 in Fighting
 20527 | Shoals:1 | Entered Level 1 of the Shoals
 20967 | Shoals:1 | Found a runed translucent gate.
 20967 | Shoals:1 | Found a runed translucent gate.
 20967 | Shoals:1 | Found a runed translucent gate.
 20968 | Shoals:1 | Noticed Detic's ghost (adept DrCK)
 21051 | Shoals:1 | Noticed Aizul
 21560 | Shoals:1 | Reached skill level 10 in Invocations
 21695 | Shoals:1 | Killed from afar by Aizul

Illustrated notes

Levels and vault maps discovered:
D:1:      co_arrival_square_in_a_square_in_a_square, layout_basic,
          minmay_pentomino_s2
D:2:      layout_basic, basic_ecumenical_altar, serial_shops,
          nicolae_shop_just_a_little_nook, basic_altar
D:3:      layout_loops_corners, mainiacjoe_overflow_alcove_1, uniq_jessica
D:4:      layout_cave_pods, minmay_misc_feat_alley, minmay_close_crescents
D:5:      nicolae_cairo_tiling_large_dashed, layout_basic, zin_scriptorium,
          ebering_ghost_disaster_area, uniq_blork_the_orc
D:6:      layout_basic, minmay_temple_entry_overgrown,
          gup_ossuary_entry_pyramid, serial_shops, nicolae_shop_behind_doors,
          shop, shop, nicolae_shop_rolling_square
D:7:      layout_basic
D:8:      layout_basic, ashenzari_altar_1, lemuel_doored_altar,
          hellmonk_ghost_happy_afterlife, minmay_lizard_king, uniq_pikel
D:9:      layout_cave_pools, orc_0_dummy, enter_bailey_8, gammafunk_ghost_icy,
          nicolae_stop_n_shop_1, hellmonk_guarded_unrand_vines
D:10:     layout_irregular_city, dpeg_oklobed_lair
D:11:     layout_gridville, serial_bayou, serial_bayou_shore_a,
          serial_bayou_lagoon_a, serial_bayou_pond_e, serial_bayou_shore_b,
          serial_shops, shop, uniq_gastronok, uniq_erolcha
D:12:     layout_basic
Temple:   mainiacjoe_temple_coin_purse
Lair:1:   layout_cave_pods, roderic_batcave, st_stairs_4, beast_lair_carwin_8
Lair:2:   layout_loops_ring, spider_nest_entry_funnel_web, serial_bayou_shore_b,
          uniq_erica
Lair:3:   layout_chaotic_city, shoals_dummy_entry, uniq_prince_ribbit2
Lair:4:   layout_long_grid, kennysheep_rathole
Lair:5:   hellmonk_lair_end_abyssal_woods, layout_cave_shapes,
          minmay_slime_entry_pillars
Shoals:1: layout_shoals, gammafunk_ghost_necromancy, uniq_aizul
Orc:1:    layout_caves, basic_altar, serial_shops, shop
Orc:2:    grunt_orc_cross, layout_caves, uniq_maurice, uniq_snorg

Skill      XL: |  1  2  3  4  5  6  7  8  9 10 11 12 13 14 15 |
---------------+----------------------------------------------+-----
Fighting       | 2 3 4 5 6 7 8 9 10 | 10.4
Ranged Weapons | 5 6 7 8 9 10 11 13 14 16 | 16.3
Dodging        | 3 4 5 6 7 8 10 11 12 14 | 14.3
Stealth        | 2 3 5 6 8 9 11 | 11.7
Short Blades   | 1 3 4 5 6 8 9 10 11 12 | 12.1
Invocations    | 2 4 5 7 8 9 10 | 10.0

Action                     |  1- 3 |  4- 6 |  7- 9 | 10-12 | 13-15 || total
---------------------------+-------+-------+-------+-------+-------++-------
  Melee: Short sword       |       |       |       |     2 |     3 ||     5
   Fire: Shortbow          |   104 |   178 |   499 |   353 |       ||  1134
         Orcbow            |       |       |       |   362 |  1163 ||  1525
 Invoke: Ancestor Identity |       |       |     1 |       |       ||     1
         Recall Ancestor   |       |       |       |    23 |    19 ||    42
         Ancestor Life: Kn |       |       |       |     1 |       ||     1
         Idealise          |       |       |       |       |     2 ||     2
  Evoke: Wand              |       |       |       |       |     2 ||     2
    Use: Scroll            |     5 |    10 |    11 |     9 |     4 ||    39
         Potion            |       |       |     1 |       |     3 ||     4
   Stab: Sleeping          |       |       |       |     2 |     1 ||     3
 Armour: Robe              |     5 |     5 |     9 |    20 |    22 ||    61
         Steam dragon scal |       |       |     6 |       |       ||     6
  Dodge: Dodged            |    22 |    43 |   106 |   298 |   334 ||   803

Table legend: (Time is in decaauts)
 A = Elapsed time spent in this place.
 B = Non-inter-level travel time spent in this place.
 C = Inter-level travel time spent in this place.
 D = Time resting spent in this place.
 E = Time spent auto-exploring this place.
 F = Levels seen in this place.
 G = Mean time per level.
                   A        B        C        D        E       F      G
               +--------+--------+--------+--------+--------+-----+--------+
         Total |  15776 |  15027 |    749 |   3951 |   1682 |  23 |  685.9 |
       Dungeon |   8516 |   8096 |    420 |   1533 |   1271 |  12 |  709.7 |
        Temple |     77 |     77 |      0 |      0 |      0 |   1 |   77.0 |
          Lair |   4306 |   3988 |    318 |   1252 |    296 |   5 |  861.2 |
        Shoals |    807 |    807 |      0 |    366 |     38 |   1 |  807.0 |
  Orcish Mines |   1511 |   1501 |     10 |    724 |     57 |   2 |  755.5 |
       Ossuary |    329 |    329 |      0 |     35 |      0 |   1 |  329.0 |
        Bailey |    228 |    228 |      0 |     41 |     18 |   1 |  228.0 |
               +--------+--------+--------+--------+--------+-----+--------+

Top non-repeatable levels by time:
  Lair:5: 1307 daAuts
   Orc:1: 1093 daAuts
     D:5: 993 daAuts
    D:12: 876 daAuts
     D:3: 846 daAuts
     D:8: 822 daAuts
  Lair:2: 820 daAuts
Shoals:1: 807 daAuts
     D:6: 801 daAuts
     D:7: 796 daAuts
  Lair:1: 796 daAuts
  Lair:3: 726 daAuts
    D:11: 690 daAuts
  Lair:4: 657 daAuts
     D:2: 631 daAuts
